 Dungeon Crawl Stone Soup version 0.27.1-4-g1640c2035a (webtiles) character file.

Game seed: 14430145359642453807

35 croobank the Digger (level 3, 0/19 HPs)
             Began as a Gargoyle Earth Elementalist on Nov 16, 2021.
             Slain by Sigmund (8 damage)
             ... on level 2 of the Dungeon.
             The game lasted 00:13:48 (1702 turns).

croobank the Digger (Gargoyle Earth Elementalist)   Turns: 1702, Time: 00:13:49

Health: 0/19       AC:  6    Str: 12    XL:     3   Next: 35%
Magic:  6/6        EV: 11    Int: 15    God:
Gold:   85         SH:  0    Dex: 10    Spells: 2/6 levels left

rFire    . . .     SeeInvis .   a - +0 hand axe (freeze)
rCold    . . .     Faith    .   (no shield)
rNeg     + . .     Spirit   .   d - +0 leather armour
rPois    ∞         Reflect  .   (no helmet)
rElec    +         Harm     .   (no cloak)
rCorr    .         Rampage  .   (no gloves)
Will     .....                  (no boots)
Stlth    ++........             (no amulet)
HPRegen  0.06/turn              (no ring)
MPRegen  0.10/turn              (no ring)

@: very slightly contaminated
A: sickness immunity, AC +3, negative energy resistance 1, electricity
resistance, torment resistance 1, petrification resistance
a: no special abilities


You were on level 2 of the Dungeon.
You visited 1 branch of the dungeon, and saw 2 of its levels.

You collected 85 gold pieces.

Inventory:

Hand Weapons
 a - a +0 hand axe of freezing (weapon)
 f - a +0 dagger
Missiles
 c - 75 stones
 e - 24 poisoned darts
 j - 34 arrows
 k - 7 datura-tipped darts
Armour
 b - a +0 robe
 d - a +0 leather armour (worn)
 g - a +0 ring mail


   Skills:
 + Level 0.2 Fighting
 - Level 0.3 Short Blades
 * Level 0.1 Axes
 + Level 1.9 Dodging
 + Level 2.4 Stealth
 + Level 2.2 Spellcasting
 + Level 1.0 Transmutations
 * Level 4.2 Earth Magic


You had 2 spell levels left.
You knew the following spells:

 Your Spells              Type           Power      Damage    Failure   Level
a - Sandblast             Erth           28%        2d8       4%          1
b - Stone Arrow           Conj/Erth      16%        3d8       34%         3

Your spell library contained the following spells:

 Spells                   Type           Power      Damage    Failure   Level
 Passwall                 Tmut/Erth      7%         N/A       14%         2
 Petrify                  Tmut/Erth      9%         N/A       67%         4


Dungeon Overview and Level Annotations

Branches:
Dungeon (2/15)

Altars:

Shops:
D:2 =

Annotations:
D:2 Sigmund


Innate Abilities, Weirdness & Mutations

You are immune to sickness and miasma.
Your stone body is resilient. (AC +3)
You are immune to poison.
You resist negative energy. (rN+)
You are resistant to electric shocks. (rElec)
You are resistant to unholy torment.
You are immune to petrification.


Message History

Memorise Stone Arrow, consuming 3 spell levels and leaving 2?
You start memorising the spell.
You continue memorising. x3
You finish memorising.
Spell assigned to 'b'.
Casting: Sandblast (safe; 4% risk of failure)
Confirm with . or Enter, or press ? or * to list all spells.
Okay, then.
You hear some strange, mumbled words.
You are confused.
Your magical effects are unravelling.
You feel magically purged.
You feel less confused.
A puff of flame appears from out of thin air!
The puff of flame misses you.
Casting: Sandblast (safe; 4% risk of failure)
Confirm with . or Enter, or press ? or * to list all spells.
You can't see any susceptible monsters within range! (Use Z to cast anyway.) Unknown command.
Something hits you!
Casting: Sandblast (safe; 4% risk of failure)
Confirm with . or Enter, or press ? or * to list all spells.
You can't see any susceptible monsters within range! (Use Z to cast anyway.)
Casting: Sandblast (safe; 4% risk of failure)
Confirm with . or Enter, or press ? or * to list all spells.
The spell is potentially lethal to cast (34% risk of failure)!
Continue anyway?
Aiming: Stone Arrow (potentially lethal; 34% risk of failure)
Press: ? - help, Shift-Dir - straight line You miscast Stone Arrow.
You are very lightly contaminated with residual magic.
Nothing appears to happen.
Casting: Stone Arrow (potentially lethal; 34% risk of failure)
Confirm with . or Enter, or press ? or * to list all spells.
You can't see any susceptible monsters within range! (Use Z to cast anyway.)
Casting: Stone Arrow (potentially lethal; 34% risk of failure)
Confirm with . or Enter, or press ? or * to list all spells.
The spell is potentially lethal to cast (34% risk of failure)!
Continue anyway?
Aiming: Stone Arrow (potentially lethal; 34% risk of failure)
Press: ? - help, Shift-Dir - straight line Something completely misses you.
It was a potion of magic.
Magic courses through your body. Something hits you!
You die...

....#####...#..#.≈≈≈≈≈.#####
..#)#.....###.##..§≈≈...>..#
..#....######.##⌠.....#....#
#....#.# #...########....#
#..###... ................#
.... ...## .##............#
....##.## ..#.............#
..#....# #..##...#.........#
........ .......@#.........#
.. .................... ..
....##..#{........... . ###
................# ..
................ ..
#................ ..
.........###..... ..
........#.# #.


There were no monsters in sight!

Vanquished Creatures
  2 dart slugs (D:1)
  4 bats (D:2)
  4 endoplasms
  7 goblins
  2 hobgoblins (D:2)
  3 kobolds
  4 ball pythons
  2 frilled lizards (D:1)
  2 rats
30 creatures vanquished.

Notes
Turn   | Place    | Note
-------+----------+-------------------------------------------
     0 | D:1      | croobank the Gargoyle Earth Elementalist began the quest
                  | for the Orb.
     0 | D:1      | Reached XP level 1. HP: 10/10 MP: 3/3
   188 | D:1      | Found a faded altar of an unknown god.
   333 | D:1      | Reached skill level 1 in Transmutations
   333 | D:1      | Reached XP level 2. HP: 15/15 MP: 5/5
   767 | D:1      | Reached skill level 4 in Earth Magic
  1109 | D:2      | Noticed Sigmund
  1119 | D:2      | Reached XP level 3. HP: 19/19 MP: 2/6
  1378 | D:2      | Found Feraduuv's Jewellery Shoppe.
  1697 | D:2      | Learned a level 3 spell: Stone Arrow
  1702 | D:2      | Slain by Sigmund

Illustrated notes

Levels and vault maps discovered:
D:1:      erik_arrival_orb_chamber, layout_loops_ring,
          shapermc_ecumenical_altar_gd, minmay_misc_feat_iff
D:2:      layout_rooms, serial_shops, nicolae_lakefront_shop,
          palyth_stone_intersect, st_stairs_10,
          hangedman_abyss_or_decor_lesser_grid, uniq_sigmund

Skill      XL: |  1  2 |
---------------+-------+-----
Transmutations | 1 |  1.0
Earth Magic    | 4 |  4.2
Fighting       | |  0.2
Short Blades   | |  0.3
Axes           | |  0.1
Dodging        | |  1.9
Stealth        | |  2.4
Spellcasting   | |  2.2

Action                   || total
-------------------------++-------
Melee: Club              ||     6
       Unarmed           ||     2
       Dagger            ||    44
       Hand axe          ||    11
 Cast: Sandblast         ||    24
       Stone Arrow       ||     1
  Use: Scroll            ||     7
       Potion            ||     2
 Stab: Sleeping          ||     5
Armor: Robe              ||    21
       Leather armour    ||     7
Dodge: Dodged            ||    50
